 Dungeon Crawl Stone Soup version 0.31-a0-210-gccc998df9b (webtiles) character file.

Game seed: 16089159613055183676

35 qw the Shooter (level 3, 0/29 HPs)
             Began as a Minotaur Hexslinger on June 30, 2023.
             Shot with a sling bullet by a goblin (1 damage)
             ... on level 2 of the Dungeon.
             The game lasted 00:00:24 (1038 turns).

qw the Shooter (Minotaur Hexslinger)                Turns: 1038, Time: 00:00:24

Health: 0/29       AC:  2    Str: 12    XL:     3   Next: 17%
Magic:  3/3        EV: 12    Int: 10    God:
Gold:   100        SH:  0    Dex: 14    Spells: 3/4 levels left

rFire   . . .        Y - +1 sling
rCold   . . .        (no shield)
rNeg    . . .        c - +0 robe
rPois   .            (helmet restricted)
rElec   .            (no cloak)
rCorr   .            (no gloves)
SInv    .            (no boots)
Will    .....        (no amulet)
Stlth   +            (no ring)
HPRegen 0.24/turn    (no ring)
MPRegen 0.08/turn

%: no passive effects
@: slowed, very slow
A: horns 2, retaliatory headbutt
a: no special abilities


You were on level 2 of the Dungeon.
You visited 1 branch of the dungeon, and saw 2 of its levels.

You collected 100 gold pieces.


Innate Abilities, Weirdness & Mutations

You have a pair of horns on your head.
You reflexively headbutt those who attack you in melee.


   Skills:
 - Level 2.0 Fighting
 + Level 3.8 Ranged Weapons
 - Level 2.1 Dodging
 - Level 1.0 Spellcasting
 - Level 2.0 Hexes


You had 3 spell levels left.
You knew the following spells:

 Your Spells              Type           Power      Damage    Failure   Level
a - Slow                  Hex            16%        N/A       16%         1

Your spell library contained the following spells:

 Spells                   Type           Power      Damage    Failure   Level
 Inner Flame              Hex/Fire       2%         N/A       56%         3
 Portal Projectile        Hex/Tloc       4%         N/A       56%         3
 Cause Fear               Hex            2%         N/A       83%         4

Inventory:

Hand Weapons
 Y - a +1 sling (weapon)
Armour
 c - a +0 robe (worn)
 e - a scarf of harm
Scrolls
 a - a scroll of identify
 b - a scroll of teleportation {unknown}
Potions
 d - a potion of haste {unknown}
 f - a potion of attraction {unknown}
 g - 2 potions of curing
 i - a potion of heal wounds {unknown}

Dungeon Overview and Level Annotations

Branches:
Dungeon (2/15)

Altars:


Message History

The ball python is severely wounded.
You hear a shout!
A goblin comes into view. It is wielding a +0 club.
Jessica the Apprentice Sorceress comes into view.
She is wielding a +0 club and carrying a wand of flame (15).
1025 ||| Stepping ~*~*~tactically~*~*~ (outnumbered).
You shoot a sling bullet.
The sling bullet barely misses the ball python.
1028 ||| Stepping ~*~*~tactically~*~*~ (outnumbered).
You shoot a sling bullet. The sling bullet hits the ball python!
You kill the ball python!
The goblin shouts!
1031 ||| Stepping ~*~*~tactically~*~*~ (outnumbered).
You shoot a sling bullet. The sling bullet hits Jessica.
Jessica is lightly wounded.
Jessica misses you.
A hobgoblin comes into view.
You shoot a sling bullet.
The sling bullet completely misses Jessica.
The hobgoblin shouts!
Jessica grins evilly.
Jessica hits you with a +0 club.
Jessica zaps a wand.
The puff of flame hits you!
You shoot a sling bullet. The sling bullet barely misses Jessica.
Jessica points at you and mumbles some strange words.
You feel yourself slow down.
You shoot a sling bullet.
The sling bullet closely misses Jessica.
Jessica hits you with a +0 club. x2
You shoot a sling bullet. The sling bullet hits Jessica.
Jessica is moderately wounded.
Jessica hits you with a +0 club.
You shoot a sling bullet.
The sling bullet hits Jessica but does no damage.
Jessica is moderately wounded.
Jessica barely misses you. You furiously retaliate!
You headbutt Jessica!
You kill Jessica!
The goblin unwields a +0 club.
The goblin wields a +0 sling.
The goblin shoots a sling bullet.
The sling bullet barely misses you.
The goblin shoots a sling bullet.
The sling bullet hits you.
You die...

############
#..........#
#..........#
#..........#
#..........#
#......[...#
##......#### . #.####[.#
##. #@# ##.## #.. #
....gg).#####..####.##..
.....##....>....(.......
.... >.######.####.###.
... ### #..###.# #. ..
##.%...###. . #####.....
##..##.. #..###..


You could see a hobgoblin and a goblin.

Vanquished Creatures
  Jessica (D:2)
  An adder (D:2)
  A worm (D:2)
  A dart slug (D:1)
  6 ball pythons
  2 endoplasms (D:1)
  3 goblins
  3 hobgoblins
  A kobold (D:1)
  3 frilled lizards
  A rat (D:2)
23 creatures vanquished.

Notes
Turn   | Place    | Note
-------+----------+-------------------------------------------
     0 | D:1      | qw the Minotaur Hexslinger began the quest for the Orb.
     0 | D:1      | Reached XP level 1. HP: 16/16 MP: 1/1
     0 | D:1      | 0 ||| qw: Version: 0.3-a-26-gee661ec
     0 | D:1      | 0 ||| qw: Game counter: 7256
     0 | D:1      | 0 ||| qw: Melee chars always use a shield: true
     0 | D:1      | 0 ||| qw: God list: Okawaru
     0 | D:1      | 0 ||| qw: Allow faded altars: false
     0 | D:1      | 0 ||| qw: Do Orc after clearing Dungeon:15 true
     0 | D:1      | 0 ||| qw: Do second Lair branch before Depths: true
     0 | D:1      | 0 ||| qw: Lair rune preference: random
     0 | D:1      | 0 ||| qw: Goals: Normal
     0 | D:1      | 0 ||| PLANNING D:1-11
     7 | D:1      | Noticed an iguana
     7 | D:1      | Noticed a lindwurm
     8 | D:1      | Noticed a black bear
     8 | D:1      | Noticed a wyvern
    66 | D:1      | 66 ||| FLEEEEING.
    67 | D:1      | 67 ||| FLEEEEING.
   328 | D:1      | Reached skill level 3 in Ranged Weapons
   328 | D:1      | Reached XP level 2. HP: 23/23 MP: 2/2
   704 | D:1      | 704 ||| READING scroll labelled PIYLEQ NYTEPN.
   705 | D:1      | 705 ||| READING scroll labelled BEEFEA OCIO.
   706 | D:1      | 706 ||| DRINKING 2 metallic purple potions.
   707 | D:1      | 707 ||| DROPPING scroll of poison.
   715 | D:2      | 715 ||| STAIRDANCE
  1007 | D:2      | Reached XP level 3. HP: 29/29 MP: 3/3
  1024 | D:2      | Noticed Jessica
  1025 | D:2      | 1025 ||| Stepping ~*~*~tactically~*~*~ (outnumbered).
  1028 | D:2      | 1028 ||| Stepping ~*~*~tactically~*~*~ (outnumbered).
  1031 | D:2      | 1031 ||| Stepping ~*~*~tactically~*~*~ (outnumbered).
  1036 | D:2      | HP: 4/29 [Jessica/+0 club (4)]
  1037 | D:2      | HP: 1/29 [Jessica/+0 club (4)]
  1038 | D:2      | Killed Jessica
  1038 | D:2      | Shot with a sling bullet by a goblin

Levels and vault maps discovered:
D:1:      onia_arrival_zoo_common, layout_loops_ring
D:2:      layout_rooms, corexii_leaking_fountain, uniq_jessica

Skill      XL: |  1  2 |
---------------+-------+-----
Ranged Weapons | 3 |  3.8
Fighting       | 2 |  2.0
Dodging        | |  2.1
Spellcasting   | |  1.0
Hexes          | |  2.0

Action                     || total
---------------------------++-------
   Fire: Sling             ||    82
    Use: Scroll            ||     2
         Potion            ||     1
 Armour: Robe              ||     2
  Dodge: Dodged            ||    18

Table legend:
 A = Non-vault XP
 B = Vault XP
 C = Vault XP percentage of total XP
 D = Non-vault monster count
 E = Vault monster count
 F = Vault count percentage of total count
                 A         B        C        D         E       F
            +---------+---------+-------+---------+---------+-------
      Total |      51 |      37 |  42.0 |      22 |       1 |   4.3
            +---------+---------+-------+---------+---------+-------
        D:1 |      24 |       0 |   0.0 |      14 |       0 |   0.0
        D:2 |      27 |      37 |  57.8 |       8 |       1 |  11.1
            +---------+---------+-------+---------+---------+-------
